 Dungeon Crawl Stone Soup version 0.30.0-13-g156ef70053 (webtiles) character file.

Game seed: 14882560654746650050

8 browni3141 the Firebug (level 2, 19/19 HPs)
             Began as a Demonspawn Fire Elementalist on May 17, 2023.
             Got out of the dungeon alive.
             The game lasted 00:00:20 (299 turns).

browni3141 the Firebug (DsFE)                        Turns: 299, Time: 00:00:20

Health: 19/19      AC:  2    Str:  8    XL:     2   Next: 0%
Magic:  4/5        EV: 12    Int: 16    God:
Gold:   14         SH:  0    Dex: 13    Spells: 4/5 levels left

rFire   . . .        (no weapon)
rCold   . . .        (no shield)
rNeg    . . .        a - +0 robe
rPois   .            (no helmet)
rElec   .            (no cloak)
rCorr   .            (no gloves)
SInv    .            (no boots)
Will    .....        (no amulet)
Stlth   ++           (no ring)
HPRegen 0.23/turn    (no ring)
MPRegen 0.09/turn

%: no passive effects
@: no status effects
A: sturdy frame 1
a: no special abilities


You escaped.
You visited 1 branch of the dungeon, and saw 1 of its levels.

You collected 14 gold pieces.

Inventory:

Armour
 a - a +0 robe (worn)
Potions
 m - a potion of magic


   Skills:
 + Level 1.9 Dodging
 + Level 2.0 Stealth
 + Level 2.1 Spellcasting
 + Level 1.2 Conjurations
 + Level 2.8 Fire Magic


You had 4 spell levels left.
You knew the following spells:

 Your Spells              Type           Power      Damage    Failure   Level
z - Foxfire               Conj/Fire      32%        2x1d5     9%          1

Your spell library contained the following spells:

 Spells                   Type           Power      Damage    Failure   Level
 Scorch                   Fire           20%        2d5       10%         2
 Inner Flame              Hex/Fire       6%         N/A       34%         3
 Volatile Blastmotes      Fire/Tloc      12%        2d11      34%         3
 Flame Wave               Conj/Fire      8%         2d5       65%         4


Dungeon Overview and Level Annotations

Branches:
Dungeon (1/15)

Altars:


Innate Abilities, Weirdness & Mutations

Your movements are slightly less encumbered by armour. (ER -2)


Message History

The foxfire hits the rat.
You kill the rat!
Magic restored.
You open the door.
There is an open door here.
You open the door.
A goblin comes into view. It is wielding a +0 dagger.
A goblin is nearby!
A goblin is nearby!
A goblin is nearby!
A goblin is nearby!
There is an open door here.
You conjure some foxfire!
The goblin misses you.
You conjure some foxfire!
The foxfire hits the goblin.
The goblin is heavily wounded.
The goblin hits you with a +0 dagger.
You conjure some foxfire!
The foxfire hits the goblin.
The goblin is severely wounded.
The foxfire hits the goblin.
You kill the goblin!
You see here a +0 dagger.
Your foxfire dissipates!
Your foxfire dissipates! x2
HP restored.
You open the door.
There is an open door here.
A frilled lizard comes into view.
A frilled lizard is nearby!
A frilled lizard is nearby!
A frilled lizard is nearby!
A frilled lizard is nearby!
The frilled lizard hisses angrily.
A ball python comes into view.
You conjure some foxfire!
The frilled lizard closely misses you.
You conjure some foxfire!
The frilled lizard bites you but does no damage.
Your foxfire dissipates!
The foxfire hits the frilled lizard.
You kill the frilled lizard!
The foxfire hits the ball python.
You kill the ball python!
You see here a frilled lizard corpse.
You see here a ball python corpse.
A bat comes into view.
A bat is nearby!
A bat is nearby!
A bat is nearby!
A bat is nearby!
You conjure some foxfire!
You conjure some foxfire!
The foxfire hits the bat.
The bat is moderately wounded.
The foxfire hits the bat.
You kill the bat!
You conjure some foxfire!
Your foxfire dissipates!
Your foxfire dissipates!
Your foxfire dissipates! x2
You now have 14 gold pieces.
A rat comes into view.
A rat is nearby!
A rat is nearby!
A rat is nearby!
You conjure some foxfire!
You conjure some foxfire!
The foxfire hits the rat.
The rat is moderately wounded.
The foxfire hits the rat.
You kill the rat!
Your foxfire dissipates!
Found an escape hatch in the floor.
Found a stone staircase leading down.
There is a stone staircase leading down here.
A quokka comes into view.
A quokka is nearby!
A quokka is nearby!
You conjure some foxfire!
You conjure some foxfire!
The foxfire hits the quokka but does no damage.
The foxfire hits the quokka.
The quokka is heavily wounded.
The quokka closely misses you.
You conjure some foxfire!
The foxfire hits the quokka.
The quokka is severely wounded.
The foxfire hits the quokka.
You kill the quokka!
Your Stealth skill increases to level 2!
You have reached level 2!
Your demonic ancestry asserts itself...
You feel less encumbered by your armour.
Your foxfire dissipates!
There is a stone staircase leading down here.
There is an open door here.
You see here a +0 dagger.
There is an open door here.
There is an open door here.
You see here a rat skeleton.
There is an open door here.
There is an open door here.
There is a staircase leading out of the dungeon here.
Are you sure you want to leave the Dungeon?
This will make you lose the game!
You have escaped!

#.#####.#.... #..
#...### ### ##.## ###
#'# ##.## ##.##
##...## ##...##
##.....## ##.....##
##.......## ##.......#
+....@....# #.........
##.......#####.......#
##.....###.###..)..##
##...###...###...##
##.###.....###.##
#'##.......##'#
+.'.÷.......'.+
#+##...÷...##+#
##.....##


There were no monsters in sight!

Vanquished Creatures
  A goblin (D:1)
  A quokka (D:1)
  A ball python (D:1)
  A bat (D:1)
  A frilled lizard (D:1)
  5 rats (D:1)
10 creatures vanquished.

Vanquished Creatures (others)
  27 foxfires (D:1)
27 creatures vanquished.

Grand Total: 37 creatures vanquished

Notes
Turn   | Place    | Note
-------+----------+-------------------------------------------
     0 | D:1      | browni3141 the Demonspawn Fire Elementalist began the quest
                  | for the Orb.
     0 | D:1      | Reached XP level 1. HP: 13/13 MP: 3/3
   254 | D:1      | Gained mutation: Your movements are slightly less
                  | encumbered by armour. (ER -2) [demonic ancestry]
   254 | D:1      | Reached XP level 2. HP: 19/19 MP: 0/5
   299 | D:$      | Got out of the dungeon alive.

Illustrated notes

Levels and vault maps discovered:
D:1:      elethiomel_arrival_diamonds, layout_loops_ring, serial_forest,
          infiniplex_forest_straight_2, infiniplex_forest_straight_2,
          infiniplex_forest_clump_large, infiniplex_forest_clump_cross,
          infiniplex_forest_end_1, infiniplex_forest_lined_2,
          infiniplex_forest_end_2, minmay_pentomino_s4

Skill      XL: |  1 |
---------------+----+-----
Stealth        | 2 |  2.0
Dodging        | |  1.9
Spellcasting   | |  2.1
Conjurations   | |  1.2
Fire Magic     | |  2.8

Action                     || total
---------------------------++-------
  Melee: Unarmed           ||     5
   Cast: Foxfire           ||    17
 Armour: Robe              ||     3
  Dodge: Dodged            ||     5
